 Dungeon Crawl Stone Soup version 0.27-a0-765-ge4d627daa3 (webtiles) character file.

Game seed: 8988510493504070996

0 rageheart7 the Sneak (level 1, -3/21 HPs)
             Began as a Naga Delver on Mar 25, 2021.
             Was an Initiate of Cheibriados.
             Killed from afar by an orc wizard (6 damage)
             ... with a magic dart
             ... on level 5 of the Dungeon.
             The game lasted 00:00:50 (299 turns).

rageheart7 the Sneak (Naga Delver)                   Turns: 299, Time: 00:00:51

Health: -3/21      AC:  1    Str: 15    XL:     1   Next: 0%
Magic:  1/1        EV:  9    Int: 11    God:    Cheibriados [......]
Gold:   0          SH:  0    Dex: 13    Spells: 0/0 levels left

rFire    . . .     SeeInvis +   a - +0 spear
rCold    . . .     Faith    .   (no shield)
rNeg     . . .     Spirit   .   b - +0 leather armour
rPois    +         Reflect  .   (no helmet)
rElec    .         Harm     .   (no cloak)
rCorr    .         Rampage  .   (no gloves)
Will     .....                  (no barding)
Stlth    +++.......             (no amulet)
HPRegen  0.07/turn              (no ring)
MPRegen  0.07/turn              (no ring)

@: very slow
A: AC +0, large, see invisible, deformed body, poison resistance, slowness 2,
spit poison 1, naga tail 1
a: Spit Poison, Renounce Religion, Bend Time


You were on level 5 of the Dungeon.
You worshipped Cheibriados.
Cheibriados was noncommittal.
You visited 2 branches of the dungeon, and saw 2 of its levels.

Inventory:

Hand Weapons
 a - a +0 spear (weapon)
Armour
 b - a +0 leather armour (worn)
Wands
 g - a wand of digging (3)
Scrolls
 c - a scroll of fog
 d - a scroll of magic mapping
Potions
 f - a potion of haste


   Skills:
 * Level 3.0 Fighting
 * Level 2.0 Polearms
 - Level 1.5 Dodging
 - Level 7.2 Stealth


You couldn't memorise any spells.
You didn't know any spells.
Your spell library was empty.

Dungeon Overview and Level Annotations

Branches:
Dungeon (5/15)             Temple (1/1) D:5

Altars:
Ashenzari
Cheibriados
Dithmenos
Elyvilon
Gozag
Kikubaaqudgha
Nemelex Xobeh
Okawaru
Qazlal
Ru
Sif Muna
Trog
Vehumet
Yredelemnul


Innate Abilities, Weirdness & Mutations

Your serpentine skin is tough. (AC +0)
You have supernaturally acute eyesight. (SInv)
Armour fits poorly on your strangely shaped body.
Your system is resistant to poisons. (rPois)
You cover ground very slowly.
You can spit poison.
You have a snake-like lower body.


Message History

There is a snail-covered altar of Cheibriados here.
You coil in front of the altar of Cheibriados.
Cheibriados welcomes you!
Cheibriados begins to support your attributes as your movement slows.
You can now bend time to slow others.
There is a staircase back to the Dungeon here.
You climb upwards.
The hound bites you. x2; The orc closely misses you.
The orc hits you with a +0 dagger. The orc barely misses you.
The hound closely misses you.
There is a staircase to the Ecumenical Temple, spattered with blood here.
As you read the scroll of fear, it crumbles to dust.
You assume a fearsome visage.
The hound looks frightened!
The orc looks frightened! x3; The orc wizard looks frightened!
The orc wizard points at itself and mumbles some strange words.
The orc wizard flickers and vanishes for a moment.
The orc prays for help.
Cornered, the orc wizard turns to fight!
The orc wizard points at you and mumbles some strange words.
You are confused.
An orc comes into view. It is wielding a +0 hand axe.
The orc wizard casts a spell at you.
You are more confused.
You bump into the rock wall.
The orc wizard hits you with a +0 dagger.
You're too confused to attack without stumbling around!
You're too confused to attack without stumbling around!
You hit the orc wizard but do no damage.
The orc wizard hits you with a +0 dagger.
* * * LOW HITPOINT WARNING * * *
The orc wizard casts a spell at you. You resist with significant effort.
The orc wizard casts a spell at you. You resist with significant effort.
You feel less confused.
You barely miss the orc wizard. The orc wizard closely misses you.
You hit the orc wizard.
The orc wizard is moderately wounded.
The orc wizard casts a spell at you. The magic dart hits you.
You die...

##.##..## ##
##.#
...###..##
.........#
.#
.....###.#
.. ..... #.#
.# ....
#.##.# ...
#o##.# ###
#@.#.#
##.#.# #...#
##..#
###..###.##.
#...>.......
############


You could see an orc wizard (invisible).

Vanquished Creatures (others)
  A fungus (D:5)
1 creature vanquished.

Notes
Turn   | Place    | Note
-------+----------+-------------------------------------------
     0 | D:5      | rageheart7 the Naga Delver began the quest for the Orb.
     0 | D:5      | Reached XP level 1. HP: 21/21 MP: 1/1
    11 | D:5      | Found a staircase to the Ecumenical Temple.
    15 | D:5      | Noticed a hound
    20 | D:5      | Noticed an orc wizard
    22 | Temple   | Entered the Ecumenical Temple
   271 | Temple   | Became a worshipper of Cheibriados the Contemplative
   299 | D:5      | Killed from afar by an orc wizard

Illustrated notes

Levels and vault maps discovered:
D:5:      layout_basic, zin_treasury, minmay_temple_entry_wispy,
          serial_aquarium, aquarium_bridge_island_small
          [aquarium_subvault_small_open, aquarium_subvault_balcony,
          aquarium_subvault_bridge, aquarium_subvault_bridge,
          aquarium_subvault_bridge], aquarium_window_fake, aquarium_window_fake,
          aquarium_window_2, aquarium_view_2c, aquarium_view_2d, minivault_25
Temple:   eino_temple_water

Action                   || total
-------------------------++-------
Melee: Spear             ||     3
  Use: Scroll            ||     1
Dodge: Dodged            ||     4

Table legend: (Time is in decaauts)
 A = Elapsed time spent in this place.
 B = Non-inter-level travel time spent in this place.
 C = Inter-level travel time spent in this place.
 D = Time resting spent in this place.
 E = Time spent auto-exploring this place.
 F = Levels seen in this place.
 G = Mean time per level.
                   A        B        C        D        E       F      G
               +--------+--------+--------+--------+--------+-----+--------+
         Total |    409 |    378 |     31 |      0 |    340 |   2 |  204.5 |
       Dungeon |     55 |     55 |      0 |      0 |     19 |   1 |   55.0 |
        Temple |    354 |    323 |     31 |      0 |    320 |   1 |  354.0 |
               +--------+--------+--------+--------+--------+-----+--------+

Top non-repeatable levels by time:
  Temple: 354 daAuts
     D:5: 55 daAuts
